 Dungeon Sprint DCSS version 0.16.2-12-gd0ad4c3 (webtiles) character file.

728 HenryFlower the Eclecticist (level 7, -8/36 HPs)
             Began as a Deep Elf Fire Elementalist on Sept 20, 2015.
             Mangled by a crocodile (17 damage)
             ... in the Dungeon (Sprint II: "The Violet Keep of Menkaure").
             The game lasted 00:03:31 (846 turns).

HenryFlower the Eclecticist (DEFE)                   Turns: 846, Time: 00:03:31

Health: -8/36      AC:  2    Str:  5    XL:     7   Next: 44%
Magic:  30/32      EV: 13    Int: 22    God:
Gold:   972        SH:  0    Dex: 15    Spells: 4 memorised, 28 levels left

rFire  . . .     SeeInvis .     (no weapon)
rCold  . . .     Clarity  .     a - +0 robe (curse)
rNeg   . . .     SustAb   .     (no shield)
rPois  .         Gourm    .     (no helmet)
rElec  .         Spirit   .     (no cloak)
rCorr  .         Warding  .     (no gloves)
rMut   .         NoTele   +     (no boots)
MR     .....                    (no amulet)
Stlth  ++........               (no ring)
                                (no ring)

@: very slightly contaminated, hasted, very quick, not resistant to hostile
enchantments, unstealthy
A: no striking features
a: no special abilities


You were in the Dungeon.
You were not hungry.

You visited 1 branch You collected 972 gold pieces.

Inventory:

Armour
 a - a cursed +0 robe (worn)
Potions
 g - 2 potions of magic
Books
 b - a book of Flames

   Spells                             Type                      Level
   a - Flame Tongue                   Conjuration/Fire             1
   b - Throw Flame                    Conjuration/Fire             2
   c - Conjure Flame                  Conjuration/Fire             3
   d - Inner Flame                    Hexes/Fire                   3
   e - Sticky Flame                   Conjuration/Fire             4
   f - Fireball                       Conjuration/Fire             5
Comestibles
 c - a bread ration


   Skills:
 - Level 2.4 Dodging
 - Level 2.4 Stealth
 + Level 16.0 Spellcasting
 + Level 10.9 Conjurations
 - Level 3.2 Fire Magic


You had 28 spell levels left.
You knew the following spells:

 Your Spells              Type           Power        Failure   Level  Hunger
a - Flame Tongue          Conj/Fire      #####        1%          1    None
b - Throw Flame           Conj/Fire      #####.       1%          2    None
c - Conjure Flame         Conj/Fire      #####...     1%          3    None
d - Sticky Flame          Conj/Fire      #####...     1%          4    None


Dungeon Overview and Level Annotations

Branches:
Dungeon (1/1)

Altars:

Shops:
D =:(:?!}!?[%=[![

Annotations:
D exclusion: oklob plant, Roxanne


Message History

The crocodile bites you! The crocodile closely misses you.
The crocodile bites you!
* * * LOW HITPOINT WARNING * * *
There is an open door, spattered with blood here.
The crocodile misses you.
Read which item? (? for menu, Esc to quit)
Blink to where?
Press: ? - help, Dir - move target cursor You are very lightly contaminated with residual magic.
As you read the scroll of blinking, it crumbles to dust.
Casting: Flame Tongue
Confirm with . or Enter, or press ? or * to list all spells.
Aiming: Conjure Flame
Press: ? - help, Dir - move target cursor The fire roars!
Unknown command.
Drink which item? (? for menu, Esc to quit)
You feel yourself speed up. The crocodile bites you!
You die...

##.....∩.∩#≈≈≈≈.##'##
##....∩.∩.#≈≈≈≈## #.##
##...∩.∩..#≈≈≈≈# ##..#
##..∩.∩...#≈≈### #..### ##
##.⌠.∩....#≈##.###'###.##..#
##..∩.∩...#≈##..##.###†.#..#
#...∩.∩..'≈'.##'.<.'##.'..#
#....∩.∩.#≈##§t##.##.#.#....#
▓▓▓▓▓▓###≈##@###†###.## .....
$HH######≈≈####.#.#### ....
[HH# ##≈≈≈#.###.# ≈.§ PH
+#≈##.#.## ≈ ≈≈##'##
#≈≈≈≈≈≈≈≈≈§§≈ #+++#+++#≈≈§
§≈≈ ≈§§


You could see a crocodile.

Vanquished Creatures
  2 hippogriffs (D)
  Menkaure (D)
  4 brain worms (D)
  4 worker ants (D)
  2 worms (D)
13 creatures vanquished.

Notes
Turn   | Place    | Note
--------------------------------------------------------------
     0 | D        | HenryFlower, the Deep Elf Fire Elementalist, began the quest for the Orb.
     0 | D        | Reached XP level 1. HP: 10/10 MP: 5/5
     1 | D        | Noticed a worker ant
     1 | D        | Noticed a worker ant
     1 | D        | Noticed a worker ant
     1 | D        | Noticed a worker ant
     6 | D        | Killed a worker ant
     6 | D        | Reached skill level 7 in Spellcasting
     6 | D        | Reached XP level 2. HP: 11/15 MP: 7/14
    12 | D        | Killed a worker ant
    12 | D        | Reached skill level 9 in Spellcasting
    12 | D        | Reached XP level 3. HP: 7/19 MP: 8/19
    17 | D        | Killed a worker ant
    17 | D        | Reached skill level 10 in Spellcasting
    70 | D        | Learned a level 2 spell: Throw Flame
    74 | D        | Learned a level 3 spell: Conjure Flame
   232 | D        | Killed a worker ant
   232 | D        | Reached skill level 11 in Spellcasting
   232 | D        | Reached XP level 4. HP: 24/24 MP: 10/23
   326 | D        | Noticed Menkaure
   326 | D        | Found Qabocaf's Jewellery Shoppe.
   326 | D        | Found Amoenos' Distillery.
   338 | D        | Killed Menkaure
   338 | D        | Reached skill level 12 in Spellcasting
   338 | D        | Reached XP level 5. HP: 19/28 MP: 2/26
   463 | D        | Learned a level 4 spell: Sticky Flame
   470 | D        | Noticed Roxanne
   477 | D        | Noticed a brain worm
   480 | D        | Killed a brain worm
   480 | D        | Reached skill level 13 in Spellcasting
   480 | D        | Reached XP level 6. HP: 32/32 MP: 20/29
   530 | D        | Noticed a brain worm
   537 | D        | Killed a brain worm
   537 | D        | Reached skill level 14 in Spellcasting
   584 | D        | Noticed a brain worm
   584 | D        | Noticed a brain worm
   592 | D        | Killed a brain worm
   618 | D        | Killed a brain worm
   662 | D        | Noticed a hippogriff
   662 | D        | Noticed a hippogriff
   666 | D        | Killed a hippogriff
   666 | D        | Reached skill level 15 in Spellcasting
   666 | D        | Reached skill level 10 in Conjurations
   666 | D        | Reached XP level 7. HP: 21/36 MP: 23/31
   674 | D        | Killed a hippogriff
   674 | D        | Reached skill level 16 in Spellcasting
   799 | D        | Noticed a lava snake
   815 | D        | Found Phangia's Magic Scroll Emporium.
   815 | D        | Found Xaazid's Magic Scroll Shoppe.
   815 | D        | Found Semmung's Distillery.
   815 | D        | Found Kheanic's Gadget Shoppe.
   815 | D        | Found Qeucveaz's Food Shoppe.
   816 | D        | Found Vyri's Book Shoppe.
   816 | D        | Found Shrauq's Book Shoppe.
   816 | D        | Found Klishrav's Antique Weapon Emporium.
   816 | D        | Found Neogg's Armour Shoppe.
   816 | D        | Found Taud's Distillery.
   816 | D        | Found Phese's Antique Armour Shoppe.
   816 | D        | Found Wufeoga's Antique Armour Emporium.
   817 | D        | Found Usisuadu's Jewellery Emporium.
   817 | D        | Noticed a griffon
   818 | D        | Noticed a griffon
   818 | D        | Noticed a crocodile
   818 | D        | Noticed a griffon
   819 | D        | Noticed an oklob plant
   820 | D        | Noticed a hippogriff
   833 | D        | Noticed a hippogriff
   833 | D        | Noticed a hippogriff
   846 | D        | Mangled by a crocodile

Action                   |  1- 3 |  4- 6 |  7- 9 || total
-------------------------+-------+-------+-------++-------
Melee: Unarmed           |    13 |       |       ||    13
 Cast: Flame Tongue      |     4 |    17 |     3 ||    24
       Throw Flame       |     1 |    15 |       ||    16
       Conjure Flame     |     1 |     3 |     2 ||     6
       Sticky Flame      |       |     1 |       ||     1
  Use: Potion            |     1 |     2 |     1 ||     4
       Scroll            |       |       |     1 ||     1
